[Event "Live Chess"]
[Site "Chess.com"]
[Date "2024.06.01"]
[Round "-"]
[White "Stanbad1"]
[Black "Hacker_2009"]
[Result "1/2-1/2"]
[WhiteElo "2673"]
[BlackElo "2226"]
[TimeControl "300"]
[EndTime "12:22:28 PDT"]
[Termination "Game drawn by repetition"]

1. d4 Nf6 2. Nc3 e6 3. e4 d5 4.
Bg5 Be7 5. e5 Nfd7 6. Bxe7 Qxe7 7. f4 c5 8. Nb5 Nc6 9. Nc7+ Kd8 10. Nxa8 cxd4 11. Qd2 Nc5 12. Bd3 Ne4 13. Bxe4 dxe4 14. Ne2 Qc5 15. O-O-O d3 16. Nc3 Nb4 17. Nxe4 Qc6 18.
Nc3 Ke7 19. cxd3 Rd8 20. d4 Nxa2+ 21. Kb1 Nb4 22. Rhe1 Bd7 23. d5 exd5 24. Ne4 Qa4 25. Qd4 Qc2+ 26. Ka1 Qa4+ 27. Kb1 Qc2+ 28. Ka1 Qa4+ 29.
Kb1 1/2-1/2

[Event "Live Chess"]
[Site "Chess.com"]
[Date "2024.06.01"]
[Round "-"]
[White "bonantagulo"]
[Black "Ninifu"]
[Result "1-0"]
[WhiteElo "2097"]
[BlackElo "2012"]
[TimeControl "300"]
[EndTime "12:22:35 PDT"]
[Termination "bonantagulo won by resignation"]

1. d4 Nf6 2. c4 g6 3. Nf3 Bg7 4. Nc3 O-O 5. e4 d6 6. Be2 e5 7. O-O Nh5 8. Bg5 f6 9. Be3 Nf4 10. Qd2 Nxe2+ 11. Qxe2 Bg4 12. h3 Bxf3 13. Qxf3 Nc6 14. d5 Nd4 15. Bxd4 exd4 16. Ne2 f5 17. exf5 Rxf5 18. Qd3 Qh4 19. Rad1 Re8 20. Nxd4 Rf4 21.
Ne6 Rxc4 22. b3 Re4 23. g3 1-0

[Event "Live Chess"]
[Site "Chess.com"]
[Date "2024.06.01"]
[Round "-"]
[White "Brooms1989"]
[Black "MaximKovalenko83"]
[Result "0-1"]
[WhiteElo "1088"]
[BlackElo "2225"]
[TimeControl "300"]
[EndTime "12:22:44 PDT"]
[Termination "MaximKovalenko83 won by resignation"]

1. e4 e5 2. Nc3 Nc6 3. Bc4 Bc5 4. Qg4 g6 5. Qf3 Nf6 6. d3 Nd4 7. Qd1 O-O 8. Nge2 Ne6 9. O-O Re8 10. Bg5 Nxg5 11. h3 0-1

[Event "Live Chess"]
[Site "Chess.com"]
[Date "2024.06.01"]
[Round "-"]
[White "FMOlexandrProhorov"]
[Black "Delacorta"]
[Result "1-0"]
[WhiteElo "2360"]
[BlackElo "1506"]
[TimeControl "300"]
[EndTime "12:23:01 PDT"]
[Termination "FMOlexandrProhorov won by resignation"]

1. e4 e6 2. Nf3 d5 3. e5 c5 4. b4 c4 5. a3 Bd7 6. d4 Ba4 7. Nc3 Bc6 8. Be2 Be7 9. h4 b5 10.
h5 Nh6 11. Bf4 Nd7 12. Qd2 Qb6 13. Bxh6 gxh6 14. Qxh6 O-O-O 15. Qe3 Rdg8 16. g3 h6 17. Bf1 Qd8 18. Bh3 Bg5 19. Qe2 Nb6 20. Nh2 Bd7 21. f4 Be7 22. Bg4 f5 23. exf6 Bxf6 24. O-O Bxd4+ 25.
Kh1 Bxc3 26. Rad1 Bc6 27. Bxe6+ Kb8 28. Bxg8 d4+ 29. Nf3 Rxg8 30. Qe5+ Ka8 31. Kh2 Re8 32. Qc5 Re2+ 33. Kh3 Qc8+ 34. g4 Nd5 35. Ne5 Nxf4+ 36.
Rxf4 Bg2+ 37. Kg3 Re3+ 38. Kxg2 1-0

[Event "Live Chess"]
[Site "Chess.com"]
[Date "2024.06.01"]
[Round "-"]
[White "Ferrarifan27"]
[Black "mrsmarple1968"]
[Result "1-0"]
[WhiteElo "2059"]
[BlackElo "1739"]
[TimeControl "300"]
[EndTime "12:23:13 PDT"]
[Termination "Ferrarifan27 won on time"]

1. e4 e5 2. Nf3 Nc6 3. Bb5 a6 4. Ba4 Nf6 5. O-O d6 6. Re1 Be7 7. c3 b5 8. Bc2 O-O 9. d4 exd4 10. cxd4 Bg4 11. Be3 Nb4 12. Bb3 a5 13. a3 Nc6 14.
h3 Bh5 15. Nbd2 d5 16. e5 Ne4 17. Qc2 Nxd2 18. Nxd2 Qd7 19. Rac1 Ra6 20. a4 b4 21. Nf1 Bg6 22. Qd2 Bd8 23. Ng3 Ra7 24. Bc2 Ne7 25. b3 Bxc2 26. Qxc2 Ng6 27. Qc6 Qxc6 28. Rxc6 h6 29.
Rec1 Ne7 30. R6c5 c6 31. R5c2 Bb6 32. Kf1 Kh7 33. Ke2 g6 34. Kd3 Rc7 35. h4 Rfc8 36. h5 c5 37. dxc5 Ba7 38. hxg6+ Nxg6 39. Bd4 Re7 40.
Nf5 Ree8 41. Nd6 Nf4+ 42. Kd2 Nxg2 43. Nxe8 Rxe8 44. Rg1 1-0

[Event "Live Chess"]
[Site "Chess.com"]
[Date "2024.06.01"]
[Round "-"]
[White "MaksymYurii"]
[Black "LL220284LL"]
[Result "0-1"]
[WhiteElo "933"]
[BlackElo "2549"]
[TimeControl "300"]
[EndTime "12:23:37 PDT"]
[Termination "LL220284LL won by checkmate"]

1. e4 c5 2. Nf3 Nc6 3. Bc4 e6 4. Nc3 Nge7 5. O-O d5 6. Bb3 d4 7.
Nb5 a6 8. Nd6+ Qxd6 9. e5 Nxe5 10. Nxe5 Qxe5 11. Re1 Qc7 12. d3 Nf5 13. g3 Bd6 14. Bf4 Bxf4 15. gxf4 Qxf4 16. Qh5 O-O 17. c4 b6 18. Bd1 Bb7 19. f3 Ne3 20. Be2 g6 21.
Qh3 Nc2 22. b4 Qe3+ 23. Kh1 Nxa1 24. Rxa1 Qxe2 25. Rg1 Bxf3+ 26. Rg2 Qf1# 0-1

[Event "Live Chess"]
[Site "Chess.com"]
[Date "2024.06.01"]
[Round "-"]
[White "Nazar-Makarchuk"]
[Black "educatedlad"]
[Result "0-1"]
[WhiteElo "1506"]
[BlackElo "1764"]
[TimeControl "300"]
[EndTime "12:23:53 PDT"]
[Termination "educatedlad won by resignation"]

1. e4 c5 2. Nf3 e6 3. d4 Nc6 4. dxc5 Bxc5 5. Nc3 Nge7 6. Be3 Bxe3 7. fxe3 O-O 8. Nd4 Ng6 9. Nxc6 bxc6 10. Bd3 d5 11. exd5 exd5 12. Bxg6 fxg6 13. Qe2 Qh4+ 14. Kd2 Rf2 15.
Rae1 Rxe2+ 16. Rxe2 d4 17. exd4 Qxd4+ 18. Kc1 Bf5 19. Rd2 Qf4 20. Rd1 Rd8 21. g3 Qg5 22. Nb1 Rxd2 23. Nxd2 Bg4 24. Re1 Qd5 25. b3 Qd4 26.
Ne4 Qa1+ 27. Kd2 Qd4+ 28. Kc1 Bf5 29. Nd2 Qa1+ 30. Nb1 Qxa2 31. Kd2 Qxc2+ 0-1

[Event "Live Chess"]
[Site "Chess.com"]
[Date "2024.06.01"]
[Round "-"]
[White "DoctorMantisTobogganMD"]
[Black "f4nomore"]
[Result "1-0"]
[WhiteElo "2176"]
[BlackElo "1202"]
[TimeControl "300"]
[EndTime "12:24:03 PDT"]
[Termination "DoctorMantisTobogganMD won on time"]

1. e4 g6 2. Nc3 Bg7 3. Bc4 e6 4. Nge2 d6 5. Bb3 Ne7 6. O-O O-O 7. d3 Nd7 8. f4 c5 9. Ng3 a6 10. f5 exf5 11. exf5 b5 12. Bg5 c4 13. dxc4 bxc4 14.
Bxc4 Ne5 15. Bb3 Bb7 16. f6 Nf5 17. fxg7 Qxg5 18.
gxf8=Q+ Rxf8 19. Rxf5 gxf5 20. Qxd6 Qe3+ 21. Kh1 Ng4 22.
Rf1 Nf2+ 23. Rxf2 Qxf2 24. Bxf7+ Rxf7 25. Qd8+ Rf8 26. Qg5+ Kh8 27. Nge2 Qe1+ 28. Ng1 Qe5 29. Qd2 Rg8 30. Nf3 Bxf3 31. gxf3 Qc5 32. Ne2 Qf2 33. Qd4+ Qxd4 34. Nxd4 Rb8 35. b3 Rb4 36. c4 f4 37.
Kg2 Kg7 38. Kh3 Rb6 39. Kg4 Rf6 40.
b4 h6 41. c5 Rf8 42. a4 Kg6 43. h4 h5+ 44. Kh3 Rd8 45. Ne6 Rb8 46. Nxf4+ Kf5 47. Nd5 Ke5 48. Nb6 Kd4 49. Kg3 Kc3 50. b5 axb5 51.
axb5 Kb4 52. Kf4 Kxb5 53. Kg5 1-0

[Event "Live Chess"]
[Site "Chess.com"]
[Date "2024.06.01"]
[Round "-"]
[White "Pandreq"]
[Black "Cruiseylee78"]
[Result "1-0"]
[WhiteElo "1144"]
[BlackElo "1692"]
[TimeControl "300"]
[EndTime "12:24:05 PDT"]
[Termination "Pandreq won by checkmate"]

1. d4 d6 2. c4 Nd7 3. Nc3 e5 4. d5 Ngf6 5. e4 h6 6. Nf3 Be7 7. Bd3 c6 8. O-O cxd5 9. cxd5 Nf8 10. Be3 g5 11. Rc1 a6 12. Na4 b5 13. Nb6 Rb8 14.
Rc6 Bd7 15. Nxd7 N8xd7 16. Qc2 Nf8 17. Ba7 Rb7 18. Rc8 Qxc8 19. Qxc8+ Bd8 20. Qxb7 Ng6 21. Qxa6 O-O 22. Qxb5 Nf4 23. Re1 Nxd3 24. Qxd3 Be7 25. a3 Ra8 26. Be3 Rd8 27. b4 Kg7 28. Bb6 Rb8 29.
Qe3 Nd7 30. Bc7 Ra8 31. Ra1 g4 32. Nd2 f5 33. exf5 Nf6 34. Nc4 Nxd5 35. Qg3 Nxc7 36.
Qxg4+ Kf8 37. Rc1 Bg5 38. Rc3 Nb5 39. Rd3 e4 40. Rd5 Nc3 41. Rxd6 e3 42. Re6 Nb5 43. fxe3 Nc7 44. Rc6 Nb5 45. f6 Rd8 46. Rc8 Rxc8 47. Qxc8+ Kf7 48. Qb7+ Kxf6 49. Qxb5 h5 50. Qe5+ Kf7 51.
Qxg5 Ke8 52. Qg7 Kd8 53. Ne5 Kc8 54. Qd7+ Kb8 55. Nc6+ Ka8 56. Qa7# 1-0

[Event "Live Chess"]
[Site "Chess.com"]
[Date "2024.06.01"]
[Round "-"]
[White "GwaryTek"]
[Black "TigerTank70"]
[Result "1/2-1/2"]
[WhiteElo "1964"]
[BlackElo "2187"]
[TimeControl "300"]
[EndTime "12:24:06 PDT"]
[Termination "Game drawn by agreement"]

1. d4 d5 2. c4 e5 3. dxe5 d4 4. Nf3 Nc6 5. g3 Bg4 6. Nbd2 Qd7 7. Bg2 Nge7 8. h3 Be6 9. a3 Ng6 10. b4 Ncxe5 11. Bb2 c5 12. Nxe5 Nxe5 13. bxc5 Bxc5 14.
Nb3 Bb6 15. c5 Bxb3 16. Qxb3 Ba5+ 17. Kf1 Nc6 18. Kg1 O-O 19. Kh2 Rfe8 20. Bf3 Rab8 21.
Rad1 Qf5 22. Kg2 Qxc5 23. a4 Bb6 24. Qb5 Rbd8 25. Qxc5 Bxc5 26. Rc1 Bb6 27. Rhd1 h6 28. Kf1 Re6 29. Rc4 d3 30. Rxd3 Rxd3 31. exd3 Ne5 32.
Rc8+ Kh7 33. Be4+ g6 34. f4 1/2-1/2

[Event "Live Chess"]
[Site "Chess.com"]
[Date "2024.06.01"]
[Round "-"]
[White "uselessduffer"]
[Black "stevochess11"]
[Result "1-0"]
[WhiteElo "2415"]
[BlackElo "1674"]
[TimeControl "300"]
[EndTime "12:24:06 PDT"]
[Termination "uselessduffer won by checkmate"]

1. e4 c5 2. Nc3 g6 3. f4 Nc6 4. Nf3 Bg7 5. Bb5 Nd4 6. Bd3 e6 7. Nxd4 cxd4 8. Nb5 d6 9. c3 dxc3 10. bxc3 Ne7 11. Ba3 O-O 12. Nxd6 Nc6 13. O-O Qb6+ 14.
Kh1 Rd8 15. Qf3 Ne7 16. Rab1 Qa5 17. Bb4 Qxa2 18. Ra1 Qxd2 19. Rf2 Bxc3 20. Rxd2 Bxd2 21. Bxd2 Rxd6 22. Bb4 Rd7 23. f5 Nc6 24. fxe6 fxe6 25. Qf8# 1-0

[Event "Live Chess"]
[Site "Chess.com"]
[Date "2024.06.01"]
[Round "-"]
[White "Richardallis"]
[Black "DarranAS"]
[Result "1-0"]
[WhiteElo "2034"]
[BlackElo "1477"]
[TimeControl "300"]
[EndTime "12:24:17 PDT"]
[Termination "Richardallis won by resignation"]

1. d4 d5 2. Nf3 Nf6 3. Bg5 c5 4. c3 cxd4 5. Nxd4 Nc6 6. e3 Nxd4 7. Qxd4 Bf5 8. Bxf6 exf6 9. Bb5+ Bd7 10. Qxd5 Rc8 11.
O-O Rc5 12. Bxd7+ Qxd7 13. Qxd7+ Kxd7 14. Rd1+ Kc7 15. Nd2 Bd6 16. Ne4 Rc6 17. Rxd6 Rxd6 18. Nxd6 Kxd6 19. Rd1+ Kc6 20. Kf1 Re8 21. Ke2 f5 22.
Rd4 g5 23. h4 h6 24. Kf3 b5 25.
a4 a6 26. a5 Re5 27. Rd8 Re6 28. b4 Kc7 29. Ra8 Kb7 30. Rf8 Re7 31. hxg5 hxg5 32. Rg8 g4+ 33. Kf4 Rd7 34. Kxf5 Rd3 35. Rf8 Rxc3 36.
Rxf7+ Kc6 37. Kxg4 Rc4+ 38. Rf4 1-0

[Event "Live Chess"]
[Site "Chess.com"]
[Date "2024.06.01"]
[Round "-"]
[White "Silverback7829"]
[Black "Zhevzh1k7"]
[Result "0-1"]
[WhiteElo "977"]
[BlackElo "1110"]
[TimeControl "300"]
[EndTime "12:24:24 PDT"]
[Termination "Zhevzh1k7 won by checkmate"]

1. d4 Nf6 2. Nf3 e6 3. Nc3 d5 4. e3 c6 5. Bd3 Nbd7 6. Bd2 Bb4 7. a3 Ba5 8. O-O O-O 9. Ng5 b5 10. a4 b4 11. Ne2 Bb7 12. Nf4 Re8 13. Qe2 e5 14. Nfh3 exd4 15. exd4 Rxe2 16. Bxe2 c5 17. dxc5 Nxc5 18. c3 Nb3 19. Rad1 Nxd2 20. Rxd2 bxc3 21. Rd3 cxb2 22. Rb3 Bc6 23. Rxb2 Rb8 24. Rxb8 Qxb8 25. Bd3 Bxa4 26. Rc1 h6 27. Nf3 Ne4 28. Bxe4 dxe4 29. Ne5 Qxe5 30. Rc8+ Be8 31. g3 e3 32. fxe3 Qxe3+ 33. Kg2 Kf8 34. Nf4 Bb6 35. Nd5 Qf2+ 36. Kh1 Qg1# 0-1

[Event "Live Chess"]
[Site "Chess.com"]
[Date "2024.06.01"]
[Round "-"]
[White "peteopeteo"]
[Black "Tushinskiy"]
[Result "0-1"]
[WhiteElo "1599"]
[BlackElo "2246"]
[TimeControl "300"]
[EndTime "12:24:37 PDT"]
[Termination "Tushinskiy won by resignation"]

1. e4 e5 2. Nf3 d6 3. d4 Bg4 4. dxe5 Nd7 5. Be2 dxe5 6. h3 Bh5 7. O-O Ngf6 8. Nc3 c6 9. Bg5 Be7 10. Qd2 Qc7 11. Rad1 O-O 12. Be3 Rad8 13. Qc1 Nc5 14. Bd3 Bxf3 15. gxf3 Ne6 16. Ne2 b5 17.
Ng3 a6 18. Nf5 Bc5 19. Kh1 Bxe3 20. Qxe3 g6 21. Rg1 Nf4 22. h4 c5 23. Bf1 Rxd1 24.
Bg2 Rxg1+ 25. Kxg1 gxf5 26. exf5 Qd6 27. Kh2 N6h5 28.
Bh3 Kh8 29. Qe4 Qd4 30. Qc6 Qxf2+ 31. Kh1 Qxf3+ 32. Bg2 0-1

[Event "Live Chess"]
[Site "Chess.com"]
[Date "2024.06.01"]
[Round "-"]
[White "NAZRIZ1977"]
[Black "NottheBishopSacrifice"]
[Result "1-0"]
[WhiteElo "2140"]
[BlackElo "2269"]
[TimeControl "300"]
[EndTime "12:24:43 PDT"]
[Termination "NAZRIZ1977 won by resignation"]

1. d4 d5 2. Nc3 Nf6 3. Bf4 c5 4.
e3 cxd4 5. exd4 Bg4 6. f3 Bd7 7. Bd3 e6 8. Nge2 Nc6 9. O-O Qb6 10.
Na4 Qa5 11. c3 Be7 12. b4 Qd8 13. Nc5 b6 14. Nxd7 Qxd7 15. Bb5 O-O 16. Qa4 Rac8 17. Rac1 Bd6 18. Bg5 Be7 19. c4 a6 20. Qxa6 dxc4 21.
Rxc4 Qd5 22. Bxf6 Bxf6 23. Rfc1 Nxd4 24. Rxc8 Nxe2+ 25. Bxe2 1-0

[Event "Live Chess"]
[Site "Chess.com"]
[Date "2024.06.01"]
[Round "-"]
[White "nitrofish07"]
[Black "degringolade64"]
[Result "0-1"]
[WhiteElo "2115"]
[BlackElo "2106"]
[TimeControl "300"]
[EndTime "12:24:52 PDT"]
[Termination "degringolade64 won by resignation"]

1. d4 Nf6 2. c4 e6 3. g3 d5 4. Bg2 dxc4 5. Nf3 a6 6. a4 Nc6 7.
O-O Rb8 8. Qc2 Nxd4 9. Nxd4 Qxd4 10. Be3 Qg4 11. h3 Qf5 12. Qxc4 Bd6 13. Nc3 O-O 14. Rad1 b5 15. axb5 axb5 16. Qb3 b4 17. Ba7 Rb5 18. Nxb5 Qxb5 19. Be3 Qxe2 20. Bg5 Ba6 21. Bxf6 gxf6 22.
Rfe1 Qh5 23. Qf3 Qg6 24. Qe4 f5 25. Qc2 Rb8 26. b3 Rb5 27. Bf1 Rc5 28. Qa2 Bxf1 29. Rxf1 Rc3 30. Kh2 f4 31. g4 f3+ 32. Kh1 Qh6 33.
Qa8+ Kg7 34. Qxf3 Rxf3 0-1

[Event "Live Chess"]
[Site "Chess.com"]
[Date "2024.06.01"]
[Round "-"]
[White "Bob2pen"]
[Black "Colm_Buckley"]
[Result "1/2-1/2"]
[WhiteElo "1918"]
[BlackElo "1857"]
[TimeControl "300"]
[EndTime "12:24:55 PDT"]
[Termination "Game drawn by repetition"]

1. c4 e6 2. g3 d5 3. Bg2 c6 4. Nf3 dxc4 5. O-O Nf6 6. a4 a6 7. Na3 Bxa3 8. Rxa3 O-O 9. Qc2 b5 10. axb5 cxb5 11. Nd4 Ra7 12. Nxb5 Rd7 13. Nc3 Bb7 14. Bxb7 Rxb7 15. Ne4 Nxe4 16. Qxe4 Qd5 17. Qxd5 exd5 18.
d3 Re8 19. dxc4 dxc4 20. e3 Re6 21. Rd1 h6 22. Rd4 Rb4 23. Rc3 Rc6 24. Kg2 a5 25. Rd5 a4 26. Ra5 Ra6 27. Rc5 Rc6 28. Ra5 Ra6 29.
Rc5 Rc6 30. Ra5 1/2-1/2

[Event "Live Chess"]
[Site "Chess.com"]
[Date "2024.06.01"]
[Round "-"]
[White "Queensandpawns"]
[Black "yarek"]
[Result "1-0"]
[WhiteElo "2387"]
[BlackElo "1732"]
[TimeControl "300"]
[EndTime "12:24:59 PDT"]
[Termination "Queensandpawns won by resignation"]

1. e4 g6 2. d4 Bg7 3. Nc3 c6 4. Nf3 d5 5. e5 Bg4 6. Be2 e6 7. Be3 Ne7 8. Qd2 h5 9. O-O-O Nd7 10. h3 Bf5 11. Ng5 Qa5 12. g4 hxg4 13. hxg4 Be4 14. Ncxe4 dxe4 15. Nxe4 Qxa2 16. Nd6+ Kf8 17. Rxh8+ Bxh8 18.
Qb4 Nd5 19. Qxb7 Rd8 20. Bc4 Qxc4 21. Nxc4 1-0

[Event "Live Chess"]
[Site "Chess.com"]
[Date "2024.06.01"]
[Round "-"]
[White "LL220284LL"]
[Black "Nazar-Makarchuk"]
[Result "1-0"]
[WhiteElo "2549"]
[BlackElo "1506"]
[TimeControl "300"]
[EndTime "12:25:40 PDT"]
[Termination "LL220284LL won by resignation"]

1. g3 Nf6 2. Bg2 d5 3. Nf3 Nc6 4. O-O e5 5. d3 e4 6. dxe4 dxe4 7. Qxd8+ Kxd8 8. Ng5 Ke7 9. Nxe4 Nxe4 10. Bxe4 Bd7 11. Nc3 f6 12. Nd5+ Kd6 13. Bf4+ Kc5 14. c3 Bd6 15.
b4+ Kc4 16. Ne3+ Kxc3 17. Rfc1+ Kxb4 18. Nd5+ Ka5 19. Bd2+ Ka6 20. Bd3+ b5 21. a4 Ne5 22.
axb5+ Kb7 23. Be4 Bxb5 24. Nxc7+ Kb8 25. Nxb5 1-0

[Event "Live Chess"]
[Site "Chess.com"]
[Date "2024.06.01"]
[Round "-"]
[White "gobbles19"]
[Black "vincents82"]
[Result "1-0"]
[WhiteElo "2244"]
[BlackElo "2098"]
[TimeControl "300"]
[EndTime "12:25:51 PDT"]
[Termination "gobbles19 won by resignation"]

1. e4 d5 2. exd5 Qxd5 3. Nc3 Qd8 4. d4 Nf6 5. Bc4 a6 6. Nf3 b5 7. Bb3 c5 8. dxc5 Qxd1+ 9. Nxd1 e6 10. Be3 Bb7 11.
a4 b4 12. O-O Nfd7 13. Bd2 Nc6 14. Ne3 Bxc5 15. a5 O-O 16. Rfe1 Rfd8 17. Ng4 h5 18.
Ne3 Be7 19. Nc4 Nc5 20. Be3 Nxb3 21. cxb3 Bf6 22. Rad1 Rxd1 23. Rxd1 Rd8 24. Rd2 Rxd2 25. Bxd2 Bd8 26. Kf1 Nxa5 27. Bxb4 Bd5 28. Nxa5 1-0

[Event "Live Chess"]
[Site "Chess.com"]
[Date "2024.06.01"]
[Round "-"]
[White "MaximKovalenko83"]
[Black "MaksymYurii"]
[Result "1-0"]
[WhiteElo "2225"]
[BlackElo "933"]
[TimeControl "300"]
[EndTime "12:26:19 PDT"]
[Termination "MaximKovalenko83 won by resignation"]

1. e4 e5 2. Nf3 Nc6 3. Bc4 Nf6 4. O-O d5 5. exd5 Nxd5 6. d4 exd4 7. Nxd4 Nxd4 8. Re1+ Be7 9. Qxd4 Be6 10. Qxg7 Rf8 11. Bh6 Qd6 12. Qxh7 O-O-O 13. Bxf8 Bxf8 14. Bxd5 Bxd5 15. Nc3 Be7 16. Nxd5 Qxd5 17. Rxe7 Qd1+ 18. Re1 Qxc2 1-0

[Event "Live Chess"]
[Site "Chess.com"]
[Date "2024.06.01"]
[Round "-"]
[White "dhairyapandyauk"]
[Black "chessfiction"]
[Result "0-1"]
[WhiteElo "1656"]
[BlackElo "2411"]
[TimeControl "300"]
[EndTime "12:26:36 PDT"]
[Termination "chessfiction won by checkmate"]

1. e4 c6 2. d4 d5 3. exd5 cxd5 4. Bf4 Nf6 5. Nc3 Nc6 6. Nb5 e5 7. dxe5 Ne4 8. e6 Bc5 9. Nc7+ Kf8 10. Nxa8 Bxf2+ 11. Ke2 Bxe6 12. Nc7 Bg4+ 13. Nf3 g5 14. Qxd5 Nd4+ 15.
Kd3 Qxd5 16. Nxd5 Nxf3 17. Kxe4 f5+ 18. Kd3 gxf4 19. gxf3 Bxf3 20. Bh3 Bxd5 21. Rhf1 Be3 22. Bxf5 Ke7 23. Be4 Be6 24. c3 Rd8+ 25. Kc2 Rd2+ 26. Kb1 Bc4 27. Re1 Kd6 28. Bc2 Be2 29. b3 f3 30. Kb2 f2 31. Rxe2 Rxe2 32. Rd1+ Ke5 33. Rf1 Kf4 34. b4 Kf3 35. Kb3 Kg2 36. Rd1 Re1 37.
Be4+ Kg1 38. Bd3 Rxd1 39. Bc4 f1=Q 40. Bxf1 Rxf1 41. a4 Rf2 42. Kc4 Rxh2 43. a5 Ra2 44.
Kb5 h5 45. c4 h4 46. c5 h3 47. c6 h2 48. cxb7 h1=Q 49. b8=Q Qd5+ 50. Ka6 Qc6+ 51. Qb6 Qxb6# 0-1

[Event "Live Chess"]
[Site "Chess.com"]
[Date "2024.06.01"]
[Round "-"]
[White "Demyan7777"]
[Black "Duke_of_Bebington"]
[Result "1-0"]
[WhiteElo "1859"]
[BlackElo "1584"]
[TimeControl "300"]
[EndTime "12:26:38 PDT"]
[Termination "Demyan7777 won by resignation"]

1. e4 e5 2. Nf3 Nf6 3. Nxe5 d6 4. Nf3 Nxe4 5. Nc3 Nxc3 6. dxc3 Nc6 7. Be3 Bf5 8. Bd3 Bxd3 9. cxd3 Be7 10. d4 d5 11.
Qd3 O-O 12. O-O Bf6 13. Rfe1 Re8 14. Bf4 Ne7 15. Be5 Ng6 16. Bg3 c6 17. Re3 Qd7 18.
Rae1 Re6 19. Rxe6 fxe6 20. Qe3 Re8 21. h4 h6 22. h5 Nf8 23. Be5 Qe7 24. Bxf6 Qxf6 25. Ne5 Qf5 26. g4 Qc2 27. Qe2 Qxe2 28. Rxe2 Re7 29. Kg2 Rf7 30. Nxf7 Kxf7 31. f4 Nd7 32. Kf3 c5 33. f5 exf5 34. gxf5 Kf6 35. Kf4 Nf8 36. dxc5 Nd7 37. Re6+ Kf7 38. c6 bxc6 39.
Rxc6 Nf6 40. Rc7+ Ke8 1-0

[Event "Live Chess"]
[Site "Chess.com"]
[Date "2024.06.01"]
[Round "-"]
[White "bobby_jamesFischer86"]
[Black "missedJariChance"]
[Result "1-0"]
[WhiteElo "1621"]
[BlackElo "1341"]
[TimeControl "300"]
[EndTime "12:26:48 PDT"]
[Termination "bobby_jamesFischer86 won by checkmate"]

1. d4 d5 2. c4 e6 3. Nc3 Nf6 4. Nf3 c5 5. e3 cxd4 6. Nxd4 Nc6 7. cxd5 Nxd5 8. Nxd5 Qxd5 9. Be2 Bb4+ 10. Bd2 Bxd2+ 11.
Qxd2 O-O 12. O-O Ne5 13. Rac1 Bd7 14. Nb3 Qxd2 15. Nxd2 Bc6 16. f3 Rad8 17. Nc4 Nxc4 18. Bxc4 Rd2 19. Rfd1 Rfd8 20. Bb3 h6 21. e4 a6 22.
Rxd2 Rxd2 23. Rd1 Rxb2 24. Rd8+ Kh7 25. Rf8 Kg6 26. Rb8 Rd2 27. h4 Kh5 28. g3 Rd3 29. Kf2 Rd2+ 30. Ke3 Rg2 31. Kf4 f6 32. Bxe6 g5+ 33.
hxg5 hxg5+ 34. Kf5 Rxg3 35. Rh8# 1-0

[Event "Live Chess"]
[Site "Chess.com"]
[Date "2024.06.01"]
[Round "-"]
[White "educatedlad"]
[Black "WorcesterYork"]
[Result "0-1"]
[WhiteElo "1764"]
[BlackElo "2514"]
[TimeControl "300"]
[EndTime "12:26:51 PDT"]
[Termination "WorcesterYork won by checkmate"]

1. d4 c5 2. d5 d6 3. Nc3 g6 4.
e4 Bg7 5. Bc4 Nf6 6. Qe2 O-O 7.
Nf3 Bg4 8. h3 Bxf3 9. Qxf3 Nbd7 10. Bd2 a6 11. a4 Ne5 12. Qe2 Nxc4 13. Qxc4 Rb8 14. a5 Nd7 15. O-O Qc7 16. f4 b5 17. axb6 Rxb6 18. Rxa6 Rxb2 19. Rc6 Qb7 20. Na4 Rb5 21. Rc7 Qxc7 22. Qxb5 Rb8 23. Ba5 Qa7 24.
Nb6 Nxb6 25. Bxb6 Qxb6 26. Qd7 Qb7 27. Qg4 Qb2 28. f5 Qxc2 29. fxg6 hxg6 30. Qf4 Bf6 31. g4 Rb2 32. g5 Qg2# 0-1

[Event "Live Chess"]
[Site "Chess.com"]
[Date "2024.06.01"]
[Round "-"]
[White "WelshTiger"]
[Black "koekoekoe"]
[Result "1-0"]
[WhiteElo "2542"]
[BlackElo "2059"]
[TimeControl "300"]
[EndTime "12:26:53 PDT"]
[Termination "WelshTiger won on time"]

1. e4 d5 2. exd5 Qxd5 3. Nc3 Qa5 4. d4 Nf6 5. Nf3 Bg4 6. h3 Bh5 7. Bd2 c6 8. g4 Bg6 9. Ne5 e6 10. Bg2 Nbd7 11. Nxd7 Nxd7 12. h4 h6 13. f4 Bd6 14.
Qe2 O-O-O 15. O-O-O Qc7 16. Rhf1 Nb6 17. f5 exf5 18.
gxf5 Bh7 19. Qg4 Rhg8 20. f6+ Kb8 21. fxg7 f5 22. Qf3 Qxg7 23. Bh3 Rdf8 24. Bf4 Qc7 25.
Bxh6 Rf7 26. Bg5 Rgf8 27. d5 Nc4 28. dxc6 Qxc6 29. Qxc6 bxc6 30. b3 Ba3+ 31. Kb1 Nb6 32. Bf4+ Kb7 33. Bg2 Bg6 34. Bf3 Rh7 35. Ne2 Bh5 36.
Bxh5 Rxh5 37. Bg5 Rh7 38. Nd4 Nd5 39. Bd2 f4 40. c4 Ne3 41. Bxe3 fxe3 42. Rxf8 Rxh4 43.
Rf7+ Kb6 44. Nc2 Bc5 45. Re1 1-0

[Event "Live Chess"]
[Site "Chess.com"]
[Date "2024.06.01"]
[Round "-"]
[White "NeilDruggan73"]
[Black "MellowAesthetic"]
[Result "0-1"]
[WhiteElo "1733"]
[BlackElo "2075"]
[TimeControl "300"]
[EndTime "12:26:58 PDT"]
[Termination "MellowAesthetic won on time"]

1. d4 Nf6 2. Bg5 Ne4 3. h4 c5 4. d5 Qb6 5. Nd2 Nxg5 6. hxg5 Qxb2 7. e3 g6 8. Ngf3 Bg7 9. Rb1 Qxa2 10. Nc4 Bc3+ 11.
Nfd2 d6 12. Be2 Bf5 13. e4 Bxe4 14. O-O Bxc2 15. Nxd6+ exd6 16. Bb5+ Kf8 17. Qe2 Bxb1 18. Rxb1 Qxd2 19. Qe8+ Kg7 20. Qe7 Bd4 21. Rf1 Na6 22. Qxb7 Nb4 23. Kh1 Qxg5 24. Qd7 Qh4+ 25. Kg1 Rhe8 26.
Qh3 Qxh3 27. gxh3 Re5 28. Bc6 Nxc6 29. dxc6 Rc8 30. Kg2 Rxc6 31. Kh2 Rb6 32. f4 Re3 33. h4 Rb2+ 0-1

[Event "Live Chess"]
[Site "Chess.com"]
[Date "2024.06.01"]
[Round "-"]
[White "Dhaydon19"]
[Black "grillage"]
[Result "1-0"]
[WhiteElo "2696"]
[BlackElo "1870"]
[TimeControl "300"]
[EndTime "12:27:22 PDT"]
[Termination "Dhaydon19 won on time"]

1. d3 Nf6 2. Nf3 c5 3. g3 Nc6 4.
Bg2 g6 5. O-O Bg7 6. c3 O-O 7.
Nbd2 d6 8. Qc2 Rb8 9. e4 Bd7 10. Re1 b5 11. a3 a5 12. e5 Nxe5 13. Nxe5 dxe5 14. Rxe5 Rc8 15. Nb3 c4 16. dxc4 bxc4 17. Nd4 Ng4 18. Re1 e5 19. Nf3 Bf5 20. Qd2 Qb6 21. h3 Rfd8 22. hxg4 Rxd2 23. Nxd2 Bxg4 24.
Ne4 Rd8 25. Be3 Qxb2 26. Reb1 Qe2 27. Re1 Qd3 28. Bg5 f6 29. Bxf6 Rb8 30. Bxg7 Kxg7 31.
Ra2 Rb1 32. Ra1 Rxa1 33. Rxa1 Bf5 34. Re1 Bxe4 35. Rxe4 Qxc3 36. Bf1 Qb2 37. Rxc4 Qxa3 38. Rc7+ Kh6 39. Bc4 Qd6 40. Rc8 a4 41. Ra8 Qd4 42.
Bg8 a3 43. Kf1 Qd1+ 44. Kg2 e4 45. Ra7 Qf3+ 46. Kh3 Qh5+ 47. Kg2 Qf3+ 48. Kh3 Qxf2 49. Rxh7+ Kg5 50. Rb7 a2 51. Bxa2 Qxa2 52. Rb5+ Kh6 53.
Re5 Qc4 54. Kg4 Qd3 55. Kh4 Qf3 56. Kh3 e3 57. Re8 e2 58. Kh4 Qf6+ 59. Kh3 Qf1+ 60. Kg4 Qf5+ 61. Kh4 Qf6+ 62. Kh3 Kg5 63. Rxe2 Qf1+ 64.
Rg2 Qh1+ 65. Rh2 Qe4 66. Rg2 Qg4+ 67. Kh2 Qe4 68. Ra2 Kh6 69. Rf2 g5 70. Rg2 g4 71.
Rf2 Kg5 72. Ra2 Qe1 73. Rg2 Kf5 74. Ra2 Ke4 75. Ra4+ Kf3 76. Ra3+ Kf2 77. Ra2+ Kf1 78. Rg2 Qe8 79. Rg1+ Kf2 80. Rg2+ Kf3 81. Kg1 1-0

[Event "Live Chess"]
[Site "Chess.com"]
[Date "2024.06.01"]
[Round "-"]
[White "Pandreq"]
[Black "JanMur7"]
[Result "0-1"]
[WhiteElo "1144"]
[BlackElo "2301"]
[TimeControl "300"]
[EndTime "12:28:05 PDT"]
[Termination "JanMur7 won by resignation"]

1. d4 Nf6 2. c4 a6 3. Nc3 b5 4. e4 b4 5. e5 bxc3 6. exf6 cxb2 7. Bxb2 exf6 8. Be2 Bb4+ 9. Kf1 O-O 10. Bf3 Ra7 11. d5 Re8 12. Bd4 Rb7 13. d6 Nc6 14. c5 cxd6 15. cxd6 Re1+ 16. Qxe1 Bxe1 17. Kxe1 Nxd4 0-1